 Dungeon Crawl Stone Soup version 0.30-a0-263-ge22c4ad894 (webtiles) character file.

Game seed: 6286457349466895989

240 sscrono2 the Sneak (level 6, -8/38 HPs)
             Began as an Octopode Enchanter on Oct 13, 2022.
             Mangled by a mummy (16 damage)
             ... in an ossuary.
             The game lasted 00:04:03 (2890 turns).

sscrono2 the Sneak (Octopode Enchanter)             Turns: 2890, Time: 00:04:04

Health: -8/38      AC:  1    Str: 10    XL:     6   Next: 8%
Magic:  18/18      EV: 13    Int: 17    God:
Gold:   203        SH:  0    Dex: 12    Spells: 8/10 levels left

rFire   . . .      SeeInvis .    a - +1 dagger
rCold   . . .      Faith    .    (no shield)
rNeg    . . .      Spirit   .    (helmet restricted)
rPois   .          Reflect  .    (no amulet)
rElec   .          Harm     .    n - ring of resist corrosion
rCorr   +          Rampage  .    c - ring of magical power
Will    .....                    (no ring)
Stlth   ++++......               (no ring)
HPRegen 0.26/turn                (no ring)
MPRegen 0.16/turn                (no ring)
                                 (no ring)
                                 (no ring)

@: hasted, invisible (expiring), very quick
A: almost no armour, amphibious, 8 rings, camouflage 1, gelatinous body 1,
(nimble swimmer 1), tentacles
a: no special abilities


You were in an ossuary.
You visited 1 branch of the dungeon, and saw 4 of its levels.
You also visited: Ossuary.

You collected 203 gold pieces.

Inventory:

Hand Weapons
 a - a +1 dagger (weapon)
Missiles
 e - 5 boomerangs of dispersal (quivered)
 l - 3 atropa-tipped darts
Jewellery
 c - a ring of magical power (right tentacle)
 n - a ring of resist corrosion (left tentacle)
Scrolls
 g - 3 scrolls of enchant weapon
 h - a scroll of magic mapping {unknown}
 i - a scroll of immolation
 p - a scroll of poison
 q - a scroll of butterflies
Potions
 b - a potion of invisibility
 d - a potion of heal wounds {unknown}
 f - a potion of brilliance {unknown}
 j - a potion of lignification {unknown}
 k - a potion of might {unknown}
 m - a potion of haste
 o - a potion of magic {unknown}


   Skills:
 + Level 1.4 Fighting
 + Level 1.8 Short Blades
 + Level 2.6 Dodging
 + Level 4.8 Stealth
 * Level 2.3 Unarmed Combat
 + Level 2.6 Spellcasting
 * Level 4.0 Hexes
 + Level 1.1 Ice Magic


You had 8 spell levels left.
You knew the following spells:

 Your Spells              Type           Power      Damage    Failure   Level
a - Ensorcelled Hibernat  Hex/Ice        22%        N/A       10%         2

Your spell library contained the following spells:

 Spells                   Type           Power      Damage    Failure   Level
 Freeze                   Ice            24%        1d4       11%         1
 Confusing Touch          Hex            15%        N/A       11%         3
 Tukima's Dance           Hex            15%        N/A       11%         3
 Sandblast                Erth           4%         2d4       19%         1
 Dazzling Flash           Conj/Hex       18%        N/A       24%         3
 Passwall                 Tmut/Erth      1%         N/A       28%         2
 Frozen Ramparts          Ice            12%        1d2       32%         3
 Hailstorm                Conj/Ice       4%         3d4       38%         3
 Stone Arrow              Conj/Erth      4%         3d7       50%         3


Dungeon Overview and Level Annotations

Branches:
Dungeon (4/15)            Ossuary (1/1)
 Temple: D:4-7

Altars:
Cheibriados
Hepliaklqana
Nemelex Xobeh
Ru
Zin
The Shining One


Innate Abilities, Weirdness & Mutations

You cannot wear most types of armour.
You are amphibious.
You can wear up to eight rings at the same time.
Your skin changes colour to match your surroundings (Stealth+).
Your rubbery body absorbs attacks. (AC +1, EV +1)
((You are camouflaged when in or above water. (Stealth+)))
You have tentacles for arms and can constrict up to eight enemies at once.


Message History

The bullfrog zombie escapes!
The centaur zombie closely misses you. The centaur zombie kicks you.
You completely miss the bullfrog zombie.
You grab the bullfrog zombie.
The bullfrog zombie is almost destroyed.
You flicker for a moment.
You constrict the bullfrog zombie.
You destroy the bullfrog zombie!
You constrict the mummy.
The mummy struggles to escape constriction.
The centaur zombie misses you.
The centaur zombie kicks you but does no damage.
You have reached level 6!
You hit the mummy but do no damage. You squeeze the mummy.
The mummy is severely damaged.
You constrict the mummy.
The centaur zombie barely misses you. x2
Unknown command.
You hit the mummy.
The mummy is almost destroyed.
You constrict the mummy.
You destroy the mummy!
Your Hexes skill increases to level 4!
Unknown command.
You catch the helpless centaur zombie completely off-guard!
You puncture the centaur zombie!
You squeeze the centaur zombie, but do no damage.
The centaur zombie is heavily damaged.
The centaur zombie closely misses you. The centaur zombie kicks you.
* * * LOW HITPOINT WARNING * * *
Unknown command.
You hit the centaur zombie but do no damage.
You squeeze the centaur zombie!
The centaur zombie is heavily damaged.
The centaur zombie misses you. The centaur zombie barely misses you.
The centaur zombie hits you.
* * * LOW HITPOINT WARNING * * *
The centaur zombie kicks you.
* * * LOW HITPOINT WARNING * * *
It was a potion of haste.
You feel yourself speed up. The mummy hits you!
You die...

## .# #
###+#+#'#'#'#+#
#.'.........M..
###.##'##+##+##
.M #MZ.# ##
#@∩.# #..∩#
#####


You could see a mummy (unable to see you) and a centaur zombie (unable to see
you).

Vanquished Creatures
  2 bullfrog zombies (Ossuary)
  Crazy Yiuf (D:3)
  Jessica (D:3)
  Terence (D:3)
  2 mummies (Ossuary)
  3 adders (D:2)
  3 worms
  A dart slug (D:2)
  4 endoplasms
  A giant cockroach (D:2)
  5 goblins
  3 hobgoblins
  5 bats
  4 frilled lizards
  6 kobolds
  3 rats
45 creatures vanquished.

Vanquished Creatures (others)
  5 withered plants (Ossuary)
5 creatures vanquished.

Grand Total: 50 creatures vanquished

Notes
Turn   | Place    | Note
-------+----------+-------------------------------------------
     0 | D:1      | sscrono2 the Octopode Enchanter began the quest for the
                  | Orb.
     0 | D:1      | Reached XP level 1. HP: 11/11 MP: 3/3
   114 | D:1      | Reached XP level 2. HP: 13/17 MP: 5/5
   117 | D:1      | Learned a level 2 spell: Ensorcelled Hibernation
   770 | D:2      | Reached skill level 1 in Unarmed Combat
   770 | D:2      | Reached XP level 3. HP: 17/22 MP: 6/6
  1457 | D:2      | Reached XP level 4. HP: 23/27 MP: 7/7
  1619 | D:3      | Noticed Terence
  1627 | D:3      | Killed Terence
  1628 | D:3      | Reached skill level 1 in Fighting
  1795 | D:3      | Found a glowing golden altar of the Shining One.
  1902 | D:3      | Found a faded altar of an unknown god.
  1978 | D:3      | Found a snail-covered altar of Cheibriados.
  2077 | D:3      | Found a faded altar of an unknown god.
  2081 | D:3      | Found a hazy altar of Hepliaklqana.
  2112 | D:3      | Found a sparkling altar of Nemelex Xobeh.
  2164 | D:3      | Found a runed translucent door.
  2165 | D:3      | Noticed Crazy Yiuf
  2267 | D:3      | Noticed Jessica
  2280 | D:3      | Killed Jessica
  2281 | D:3      | Reached XP level 5. HP: 29/33 MP: 8/8
  2457 | D:3      | Found a sacrificial altar of Ru.
  2458 | D:3      | Found a glowing silver altar of Zin.
  2685 | D:3      | Killed Crazy Yiuf
  2749 | D:4      | Found a sand-covered staircase.
  2755 | Ossuary  | Entered an ossuary
  2882 | Ossuary  | Reached skill level 1 in Ice Magic
  2886 | Ossuary  | Reached XP level 6. HP: 12/38 MP: 9/9
  2890 | Ossuary  | Mangled by a mummy

Illustrated notes

Levels and vault maps discovered:
D:1:      mrwooster_arrival_arrow, layout_loops_ring, dk_noncrumbling_4,
          nicolae_concentric_dashed_squares_mild, nicolae_figureground_pulse
D:2:      layout_basic
D:3:      layout_basic, mainiacjoe_overflow_boulevard, lemuel_crystal_altar,
          nicolae_overflow_ecumenical_swirl, cheibrodos_worm_habitat,
          mainiacjoe_overflow_divided_tiny, chequers_ecumenical_altar_simple,
          uniq_jessica, uniq_terence, uniq_crazy_yiuf_cottage
D:4:      layout_loops_ring, lightli_ossuary_entry_decrepit_ruins,
          chequers_mini_garden, minivault_25, guppyfry_shop_venom
Ossuary:  ossuary_zaba_flooded

Skill      XL: |  1  2  3  4  5  6 |
---------------+-------------------+-----
Unarmed Combat | 1 2 |  2.3
Fighting       | 1 |  1.4
Ice Magic      | 1 |  1.1
Hexes          | 4 |  4.0
Short Blades   | |  1.8
Dodging        | |  2.6
Stealth        | |  4.8
Spellcasting   | |  2.6

Action                   |  1- 3 |  4- 6 || total
-------------------------+-------+-------++-------
Melee: Dagger            |    65 |    45 ||   110
       Constrict         |    12 |    13 ||    25
       Tentacles         |     7 |    13 ||    20
       Punch             |     1 |       ||     1
 Cast: Ensorcelled Hiber |     1 |     8 ||     9
  Use: Scroll            |       |     4 ||     4
       Potion            |       |     2 ||     2
 Stab: Sleeping          |    10 |     8 ||    18
       Invisible         |       |     2 ||     2
Armor: Skin              |     6 |     4 ||    10
Dodge: Dodged            |    26 |    22 ||    48

Table legend: (Time is in decaauts)
 A = Elapsed time spent in this place.
 B = Non-inter-level travel time spent in this place.
 C = Inter-level travel time spent in this place.
 D = Time resting spent in this place.
 E = Time spent auto-exploring this place.
 F = Levels seen in this place.
 G = Mean time per level.
                   A        B        C        D        E       F      G
               +--------+--------+--------+--------+--------+-----+--------+
         Total |   2880 |   2778 |    102 |    417 |   1980 |   5 |  576.0 |
       Dungeon |   2748 |   2646 |    102 |    325 |   1977 |   4 |  687.0 |
       Ossuary |    132 |    132 |      0 |     92 |      3 |   1 |  132.0 |
               +--------+--------+--------+--------+--------+-----+--------+

Top non-repeatable levels by time:
     D:3: 1119 daAuts
     D:2: 897 daAuts
     D:1: 709 daAuts
 Ossuary: 132 daAuts
     D:4: 21 daAuts
